 Dungeon Crawl Stone Soup version 0.22-a0-553-g9358b0b (webtiles) character file.

1836 Hebeh the Cleaver (level 8, -4/73 HPs)
             Began as a Minotaur Fighter on June 25, 2018.
             Was an Initiate of Trog.
             Slain by an orc warrior
             ... wielding a +0 halberd
              (9 damage)
             ... on level 6 of the Dungeon.
             The game lasted 00:10:26 (4373 turns).

Hebeh the Cleaver (Minotaur Fighter)                Turns: 4373, Time: 00:10:27

Health: -4/73      AC:  1    Str: 23    XL:     8   Next: 87%
Magic:  0/7        EV:  8    Int:  5    God:    Trog [......]
Gold:   281        SH: 11    Dex: 10    Spells: 7/7 levels left

rFire    . . .     SeeInvis .   a - +0 war axe
rCold    . . .     Gourm    .   c - +0 shield
rNeg     . . .     Faith    .   b - +0 scale mail
rPois    .         Spirit   +   (helmet restricted)
rElec    .         Reflect  .   (no cloak)
rCorr    .         Harm     .   (no gloves)
MR       .....                  q - +0 pair of boots
Stlth    ..........             j - amulet of guardian spirit
HPRegen  0.22/turn              (no ring)
MPRegen  0.10/turn              (no ring)

@: corroded
A: retaliatory headbutt, horns 2
a: Renounce Religion


You were on level 6 of the Dungeon.
You worshipped Trog.
Trog was noncommittal.
You were not hungry.

You visited 2 branches of the dungeon, and saw 7 of its levels.
You also visited: Ossuary.

You collected 281 gold pieces.

Inventory:

Hand Weapons
 a - a +0 war axe (weapon)
 x - a +2 battleaxe
Armour
 b - a +0 scale mail (worn)
 c - a +0 shield (worn)
 q - a +0 pair of boots (worn)
Jewellery
 j - an amulet of guardian spirit (around neck)
 s - a +2 ring of strength {unknown}
Wands
 w - a wand of acid (6)
 C - a wand of polymorph (16)
 E - a wand of iceblast (3)
Scrolls
 e - 7 scrolls of teleportation {unknown}
 h - 4 scrolls of amnesia {unknown}
 i - 7 scrolls of identify {unknown}
 k - 4 scrolls of remove curse {unknown}
 l - a scroll of noise {unknown}
 m - a scroll of blinking {unknown}
 r - 3 scrolls of fear {unknown}
 u - a scroll of enchant armour {unknown}
 y - a scroll of fog {unknown}
 A - a scroll of enchant weapon {unknown}
Potions
 d - 5 potions of might
 g - 4 potions of curing {unknown}
 n - a potion of invisibility {unknown}
 o - a potion of haste {unknown}
 p - a potion of flight {unknown}
 t - 3 potions of brilliance {unknown}
 v - a potion of berserk rage {unknown}
 z - a potion of degeneration {unknown}
 B - a potion of cancellation {unknown}
 D - a potion of heal wounds {unknown}
Comestibles
 f - 8 rations


   Skills:
 + Level 7.2 Fighting
 * Level 9.1 Axes
 + Level 7.0 Armour
 + Level 7.2 Shields


You had 7 spell levels left.
You didn't know any spells.
Your spell library was empty.

Dungeon Overview and Level Annotations

Branches:
Dungeon (6/15)             Temple (1/1) D:5

Altars:
Ashenzari
Cheibriados
Dithmenos
Elyvilon
Kikubaaqudgha
Okawaru
Trog
Vehumet
Xom
Yredelemnul


Innate Abilities, Weirdness & Mutations

You reflexively headbutt those who attack you in melee.
You have a pair of horns on your head.


Message History

The orc warrior is almost dead.
The orc warrior barely misses you.
You closely miss the orc warrior. Your headbutt misses the orc warrior.
The orc warrior is almost dead.
You barely miss the orc warrior. Your headbutt misses the orc warrior.
The orc warrior is almost dead.
A scorpion comes into view.
You slash the scorpion! Your headbutt misses the scorpion.
The scorpion is severely wounded.
You barely miss the orc warrior.
The orc warrior hits you with a halberd!!
* * * LOW HITPOINT WARNING * * *
The scorpion stings you.
* * * LOW HITPOINT WARNING * * *
An orc comes into view. It is wielding a club.
You block the orc warrior's attack.
The orc priest calls upon Beogh to heal the orc warrior.
The orc warrior is healed somewhat.
The orc warrior hits you from afar with a halberd!
You die...

#......# #<.
##..#..## #..
#####. ###..## ###
.... ##.##..#
..#.##...##.######
#.#..##.##..(.....
#
#.##..##'..#######
#..#.###.##...#...#
#...oos.@.........#
#.##.#o...$.......#
# #.####....^.:#
#.# #..###### #.#
#..# ..# #..# ...
...# .... ...##
#####


You could see an orc warrior, a scorpion, an orc priest and an orc.

Vanquished Creatures
  Pikel (D:4)
  Grinder (D:4)
  2 wraiths (Ossuary)
  2 slaves (D:4)
  An ice beast (D:5)
  A phantom (D:4)
  2 scorpions
  4 wights (Ossuary)
  2 jellies
  A hound (D:5)
  Jessica (D:3)
  2 iguanas (D:5)
  2 orc wizards
  2 worker ants (D:4)
  A killer bee zombie (D:5)
  A hound skeleton (D:4)
  A howler monkey skeleton (D:4)
  5 adders
  A shadow imp (D:5)
  An ooze (D:2)
  An adder skeleton (D:5)
  4 worms
  A dart slug (D:1)
  A leopard gecko (D:1)
  18 orcs
  A bat (D:2)
  4 giant cockroaches
  3 goblins
  5 hobgoblins
  7 jackals (D:5)
  3 quokkas
  A ball python skeleton (Ossuary)
  A frilled lizard (D:5)
  2 hobgoblin skeletons (Ossuary)
  A hobgoblin zombie (Ossuary)
  6 kobolds
  A kobold zombie (Ossuary)
  An orc skeleton (Ossuary)
  2 rats
97 creatures vanquished.

Vanquished Creatures (others)
  3 jackals (D:4)
3 creatures vanquished.

Grand Total: 100 creatures vanquished

Notes
Turn   | Place    | Note
-------+----------+-------------------------------------------
     0 | D:1      | Hebeh the Minotaur Fighter began the quest for the Orb.
     0 | D:1      | Reached XP level 1. HP: 19/19 MP: 0/0
   290 | D:1      | Reached XP level 2. HP: 27/27 MP: 1/1
   706 | D:2      | Reached skill level 3 in Axes
   723 | D:2      | Found a shimmering altar of Xom.
   778 | D:2      | Reached XP level 3. HP: 33/33 MP: 2/2
  1164 | D:3      | Noticed Jessica
  1173 | D:3      | Killed Jessica
  1173 | D:3      | Reached XP level 4. HP: 31/40 MP: 3/3
  1523 | D:3      | Reached skill level 4 in Axes
  1650 | D:3      | Found a basalt altar of Yredelemnul.
  1688 | D:3      | You fall through a shaft!
  1727 | D:4      | Noticed Grinder
  1745 | D:4      | Killed Grinder
  1745 | D:4      | Reached skill level 5 in Axes
  1745 | D:4      | Reached XP level 5. HP: 26/47 MP: 2/4
  1745 | D:4      | Reached XP level 6. HP: 31/55 MP: 2/5
  1885 | D:4      | Noticed a slave
  1886 | D:4      | Noticed Pikel
  1886 | D:4      | Noticed a slave
  1886 | D:4      | Noticed a slave
  1886 | D:4      | Noticed a slave
  1899 | D:4      | Killed a slave
  1900 | D:4      | Killed a slave
  1901 | D:4      | Killed Pikel
  1901 | D:4      | Reached skill level 5 in Fighting
  1901 | D:4      | Reached skill level 6 in Axes
  1901 | D:4      | Reached skill level 5 in Armour
  1901 | D:4      | Reached skill level 5 in Shields
  1901 | D:4      | Reached XP level 7. HP: 10/62 MP: 2/6
  2219 | D:4      | Found a radiant altar of Vehumet.
  2290 | D:4      | Reached skill level 7 in Axes
  2303 | D:4      | Found an ancient bone altar of Kikubaaqudgha.
  2540 | D:4      | Reached XP level 8. HP: 55/70 MP: 7/7
  2775 | D:5      | Entered Level 5 of the Dungeon
  3015 | D:5      | Reached skill level 8 in Axes
  3361 | D:5      | Found a staircase to the Ecumenical Temple.
  3369 | Temple   | Entered the Ecumenical Temple
  3378 | Temple   | Became a worshipper of Trog the Wrathful
  3910 | D:6      | Found a sand-covered staircase.
  3915 | Ossuary  | Entered an ossuary
  4068 | Ossuary  | Noticed a flying skull
  4075 | Ossuary  | Noticed a flying skull
  4077 | Ossuary  | Noticed a flying skull
  4102 | Ossuary  | Noticed a flying skull
  4255 | Ossuary  | Reached skill level 9 in Axes
  4373 | D:6      | Slain by an orc warrior

Vault maps used:
D:1:      lemuel_arrival_cross
D:2:      lemuel_doored_altar, first_ration
D:3:      yredelemnul_altar_generic, kennysheep_generic_room_11, uniq_jessica
D:4:      kennysheep_big_flooded_room, overflow_temple_1_default,
          lemuel_crystal_altar, hangedman_decor_growths, uniq_pikel,
          uniq_grinder
D:5:      minmay_temple_entry_overgrown
D:6:      enter_ossuary_5, sigmund_army
Temple:   dshaligram_water_room_temple
Ossuary:  ossuary_due_cavern

Skill      XL: |  1  2  3  4  5  6  7  8 |
---------------+-------------------------+-----
Axes           | 3 5 6 7 9 |  9.1
Fighting       | 4 5 6 7 |  7.2
Shields        | 4 5 6 7 |  7.2
Armour         | 4 5 6 7 |  7.0

Action                   |  1- 3 |  4- 6 |  7- 9 || total
-------------------------+-------+-------+-------++-------
Melee: War axe           |    43 |    52 |   177 ||   272
       Headbutt          |     6 |     8 |    34 ||    48
  Eat: Chunk             |       |     3 |     7 ||    10
       Ration            |       |       |     1 ||     1
Armor: Scale mail        |    12 |    29 |    47 ||    88
Dodge: Dodged            |     6 |    25 |    37 ||    68
Block: Shield            |    18 |    33 |    64 ||   115

Table legend:
 A = Spawn XP
 B = Non-spawn XP
 C = Spawn XP percentage of total XP
 D = Spawn monster count
 E = Non-spawn monster count
 F = Spawn count percentage of total count
 G = Total turns spent on level
                    A         B        C        D         E        F      G
               +---------+---------+-------+---------+---------+-------+---------
         Total |       0 |    2623 |   0.0 |       0 |      95 |   0.0 |  4373
               +---------+---------+-------+---------+---------+-------+---------
           D:1 |       0 |      17 |   0.0 |       0 |       8 |   0.0 |   655
           D:2 |       0 |      43 |   0.0 |       0 |      13 |   0.0 |   509
           D:3 |       0 |      99 |   0.0 |       0 |      17 |   0.0 |   964
           D:4 |       0 |    1301 |   0.0 |       0 |      15 |   0.0 |  1121
           D:5 |       0 |     484 |   0.0 |       0 |      29 |   0.0 |   624
           D:6 |       0 |      43 |   0.0 |       0 |       1 |   0.0 |    64
       Ossuary |       0 |     636 |   0.0 |       0 |      12 |   0.0 |   417
               +---------+---------+-------+---------+---------+-------+---------
